 Dungeon Crawl Stone Soup version 0.20.1-1-g8b1a95d (webtiles) character file.

385 dohliylev the Grave Robber (level 6, -1/41 HPs)
             Began as a Mummy Necromancer on Dec 17, 2017.
             Shot with an arrow by a centaur (11 damage)
             ... on level 5 of the Dungeon.
             The game lasted 00:17:32 (4225 turns).

dohliylev the Grave Robber (Mummy Necromancer)      Turns: 4225, Time: 00:17:32

Health: -1/41      AC:  3    Str: 11    XL:     6   Next: 48%
Magic:  11/15      EV:  9    Int: 20    God:
Gold:   123        SH:  0    Dex: 12    Spells: 4/17 levels left

rFire    x . .     SeeInvis .   f - +1 dagger (venom)
rCold    + . .     Gourm    .   (no shield)
rNeg     + + +     Faith    .   a - +0 robe
rPois    ∞         Spirit   .   (no helmet)
rElec    .         Reflect  .   (no cloak)
rCorr    .         Harm     .   e - +0 pair of gloves
MR       .....                  (no boots)
Stlth    ++........             (no amulet)
Regen    0.2/turn               l - +3 ring of intelligence
MPRegen  0.2/turn               h - -3 ring of evasion (curse)

@: no status effects
A: no food or potions, fire vulnerability, cold resistance 1, negative energy
resistance 3, torment resistance, unbreathing
a: no special abilities


You were on level 5 of the Dungeon.
You were not hungry.

You visited 1 branch of the dungeon, and saw 5 of its levels.

You collected 123 gold pieces.

Inventory:

Hand Weapons
 f - a +1 dagger of venom (weapon)
Armour
 a - a +0 robe (worn)
 e - a +0 pair of gloves (worn)
Jewellery
 d - an uncursed ring of stealth
 g - a +4 ring of dexterity
 h - a cursed -3 ring of evasion (right hand)
 k - an uncursed ring of protection from cold
 l - a +3 ring of intelligence (left hand)
Scrolls
 c - 2 scrolls of fog
 i - 2 scrolls of identify
 j - a scroll of amnesia
Books
 b - a book of Necromancy

   Spells                             Type                      Level
   a - Pain                           Necromancy                   1
   b - Animate Skeleton               Necromancy                   1
   c - Vampiric Draining              Necromancy                   3
   d - Regeneration                   Charms/Necromancy            3
   e - Animate Dead                   Necromancy                   4
   f - Control Undead                 Necromancy                   4


   Skills:
 + Level 1.9 Dodging
 - Level 1.5 Stealth
 - Level 6.0 Spellcasting
 - Level 6.2 Necromancy


You had 4 spell levels left.
You knew the following spells:

 Your Spells              Type           Power        Failure   Level  Hunger
a - Pain                  Necr           ####         1%          1    N/A
b - Vampiric Draining     Necr           ####......   2%          3    N/A
c - Animate Dead          Necr           N/A          8%          4    N/A
d - Animate Skeleton      Necr           N/A          1%          1    N/A
e - Control Undead        Necr           ####......   8%          4    N/A

Dungeon Overview and Level Annotations

Branches:
Dungeon (5/15)
 Temple: D:4-7

Altars:
Xom

Annotations:
D:4 Eustachio


Innate Abilities, Weirdness & Mutations

You do not eat or drink.
Your flesh is vulnerable to fire.
You are immune to poison.
Your flesh is cold resistant. (rC+)
You are immune to negative energy. (rN+++)
You are immune to unholy pain and torment.
You can survive without breathing.


Message History

The centaur unwields an uncursed dagger.
The centaur wields a glowing shortbow.
It bursts into flame!
The centaur shoots an arrow.
The arrow hits you!
* * * LOW HITPOINT WARNING * * *
The arrow burns you.
* * * LOW HITPOINT WARNING * * *
You see here an arrow.
Casting: Pain
Confirm with . or Enter, or press ? or * to list all spells.
Okay, then.
Casting: Pain
Confirm with . or Enter, or press ? or * to list all spells.
You call on the dead to rise...
The dead are walking!
The centaur shoots an arrow.
The arrow hits your iguana zombie! The arrow burns your iguana zombie.
The centaur shoots an arrow.
The arrow hits your iguana zombie! The arrow burns your iguana zombie.
Your iguana zombie is destroyed!
The centaur shoots an arrow.
The arrow hits you!
You die...

.#..####.
....... ....#
#..# ###### ##
#S## .....
..##.#<## ...
..###.###.#.#
##.#.#.###....#
##...#@###c#.###
.........#(##.#
..(......c## .#
####.###..# .#
#. #..# .# #
#..# .# #..# .#
...# #.##


You could see a centaur.

Vanquished Creatures
  A sky beast (D:3)
  A howler monkey (D:5)
  An iguana (D:5)
  Terence (D:2)
  A hound skeleton (D:5)
  A gnoll (D:1)
  A howler monkey skeleton (D:3)
  11 adders
  A worm (D:2)
  2 dart slugs
  3 leopard geckos
  10 orcs (D:3)
  2 giant cockroaches
  8 goblins
  8 hobgoblins
  9 jackals
  A quokka (D:4)
  A ball python (D:3)
  5 bats
  5 frilled lizards
  5 kobolds
  6 rats
84 creatures vanquished.

Vanquished Creatures (collateral kills)
  A kobold (D:3)
1 creature vanquished.

Grand Total: 85 creatures vanquished

Notes
Turn   | Place    | Note
-------+----------+-------------------------------------------
     0 | D:1      | dohliylev the Mummy Necromancer began the quest for the Orb.
     0 | D:1      | Reached XP level 1. HP: 13/13 MP: 4/4
   113 | D:1      | Reached XP level 2. HP: 2/19 MP: 0/5
   728 | D:1      | Reached XP level 3. HP: 24/24 MP: 5/7
   835 | D:1      | Learned a level 3 spell: Vampiric Draining
  1400 | D:2      | Reached skill level 5 in Necromancy
  1523 | D:2      | Reached XP level 4. HP: 29/30 MP: 2/9
  1538 | D:2      | Learned a level 4 spell: Animate Dead
  2221 | D:3      | Noticed Terence
  2310 | D:2      | Killed Terence
  2438 | D:3      | Reached XP level 5. HP: 34/35 MP: 8/11
  3236 | D:3      | Found a shimmering altar of Xom.
  3236 | D:3      | Found a shimmering altar of Xom.
  3280 | D:3      | Reached skill level 5 in Spellcasting
  3353 | D:3      | Found a shimmering altar of Xom.
  3353 | D:3      | Found a shimmering altar of Xom.
  3353 | D:3      | Found a shimmering altar of Xom.
  3548 | D:3      | Noticed a sky beast
  3567 | D:3      | Killed a sky beast
  3567 | D:3      | Reached XP level 6. HP: 22/41 MP: 10/14
  3848 | D:4      | Noticed Eustachio
  3872 | D:5      | Entered Level 5 of the Dungeon
  3885 | D:5      | HP: 1/41 [adder (3)]
  4007 | D:5      | Learned a level 1 spell: Animate Skeleton
  4012 | D:5      | Learned a level 4 spell: Control Undead
  4225 | D:5      | Shot with an arrow by a centaur

Skill      XL: |  1  2  3  4  5  6 |
---------------+-------------------+-----
Spellcasting   | 3 4 5 6 |  6.0
Necromancy     | 5 6 |  6.2
Dodging        | |  1.9
Stealth        | |  1.5

Action                   |  1- 3 |  4- 6 || total
-------------------------+-------+-------++-------
Melee: Unarmed           |    22 |       ||    22
       Dagger            |     9 |    28 ||    37
 Cast: Pain              |    63 |   113 ||   176
       Vampiric Draining |     4 |       ||     4
       Animate Dead      |       |    12 ||    12
       Control Undead    |       |     3 ||     3
  Use: Scroll            |       |     2 ||     2
 Stab: Distracted        |     1 |       ||     1
       Sleeping          |       |     7 ||     7
Armor: Robe              |     7 |    19 ||    26
Dodge: Dodged            |    40 |    35 ||    75
